 Dungeon Crawl Stone Soup version 0.29-a0-360-g8ed1089bbe (webtiles) character file.

Game seed: 13042254279452036944

97 timneilson the Covered (level 4, -1/28 HPs)
             Began as a Gargoyle Fighter on Apr 28, 2022.
             Killed by divine providence
             ... invoked by an orc priest
              (11 damage)
             ... on level 4 of the Dungeon.
             The game lasted 00:08:41 (3281 turns).

timneilson the Covered (Gargoyle Fighter)           Turns: 3281, Time: 00:08:42

Health: -1/28      AC: 14    Str: 21    XL:     4   Next: 68%
Magic:  4/4        EV: 11    Int:  9    God:
Gold:   142        SH:  5    Dex: 15    Spells: 3/3 levels left

rFire   . . .      SeeInvis .   a - +1 long sword
rCold   . . .      Faith    .   c - +0 buckler
rNeg    + . .      Spirit   .   g - +0 chain mail
rPois   ∞          Reflect  .   (no helmet)
rElec   +          Harm     .   b - +0 cloak
rCorr   .          Rampage  .   (no gloves)
Will    .....                   (no boots)
Stlth   ..........              (no amulet)
HPRegen 0.09/turn               i - +4 ring of evasion
MPRegen 0.09/turn               l - +6 ring of dexterity

@: no status effects
A: sickness immunity, AC +3, negative energy resistance 1, electricity
resistance, torment resistance 1, petrification resistance
a: no special abilities


You were on level 4 of the Dungeon.
You visited 1 branch of the dungeon, and saw 4 of its levels.

You collected 142 gold pieces.

Inventory:

Hand Weapons
 a - a +1 long sword (weapon)
Armour
 b - a +0 cloak (worn)
 c - a +0 buckler (worn)
 g - a +0 chain mail (worn)
Jewellery
 e - a ring of ice
 i - a +4 ring of evasion (left hand)
 l - a +6 ring of dexterity (right hand)
Scrolls
 j - a scroll of teleportation
Potions
 d - a potion of might
 h - a potion of ambrosia {unknown}
 k - 2 potions of mutation
 m - a potion of magic {unknown}
 n - 4 potions of curing
 o - a potion of attraction {unknown}
 q - a potion of resistance {unknown}


   Skills:
 + Level 3.6 Fighting
 * Level 2.6 Long Blades
 * Level 4.1 Armour
 + Level 0.9 Dodging
 * Level 4.0 Shields


You had 3 spell levels left.
You didn't know any spells.
Your spell library contained the following spells:

 Spells                   Type           Power      Damage    Failure   Level
 Gell's Gravitas          Tloc           0%         N/A       100%        3
 Teleport Other           Tloc           0%         N/A       100%        3
 Dispersal                Tloc           0%         N/A       100%        6


Dungeon Overview and Level Annotations

Branches:
Dungeon (4/15)             Temple (0/1) D:4

Altars:
Uskayaw


Innate Abilities, Weirdness & Mutations

You are immune to sickness and miasma.
Your stone body is resilient. (AC +3)
You are immune to poison.
You resist negative energy. (rN+)
You are resistant to electric shocks. (rElec)
You are resistant to unholy torment.
You are immune to petrification.


Message History

You closely miss the orc.
The orc is severely wounded.
The orc closely misses you.
You slash the orc!
You kill the orc!
Items here: )) ††.
The adder hisses angrily.
You closely miss the adder. The adder misses you.
The adder bites you but does no damage.
An orc priest comes into view. It is wielding a +0 hand axe.
You slash the adder!
The adder is almost dead.
The adder bites you but does no damage. The adder completely misses you.
You closely miss the adder.
The adder is almost dead.
The adder bites you but does no damage. The adder closely misses you.
You closely miss the adder.
The adder is almost dead.
The adder bites you but does no damage.
You hit the adder.
You kill the adder!
You closely miss the orc priest. The orc priest barely misses you.
You slash the orc priest!
The orc priest is heavily wounded.
The orc priest calls down the wrath of Beogh upon you.
Pain shoots through your body!
The orc priest hits you but does no damage.
You hit the orc priest.
The orc priest is heavily wounded.
The orc priest calls down the wrath of Beogh upon you.
Beogh smites you!
You barely miss the orc priest.
The orc priest is heavily wounded.
The orc priest barely misses you.
You barely miss the orc priest.
The orc priest is heavily wounded.
The orc priest looks encouraged for a moment.
The orc priest calls down the wrath of Beogh upon you.
Beogh smites you!
You die...

#.# ##.# ...# #..# #..## ...
#.###.### ####.o.P.PP.
##########.##@#.S.P.P#########
#..[........#)# .PoP.#........
##########.##.# PPP.#.#######
#.##.# ..P#.# #.##.# ###.#
#.##.# #.#
#.##.########.#######
#.##......<..........
#..........##########


You could see an orc priest.

Vanquished Creatures
  3 adders
  A dart slug (D:2)
  3 worms
  3 orcs
  4 endoplasms
  3 giant cockroaches
  6 goblins
  5 hobgoblins
  3 jackals (D:1)
  A quokka (D:1)
  7 ball pythons
  3 bats
  5 frilled lizards
  6 kobolds
  5 rats
58 creatures vanquished.

Vanquished Creatures (others)
  3 plants (D:4)
3 creatures vanquished.

Grand Total: 61 creatures vanquished

Notes
Turn   | Place    | Note
-------+----------+-------------------------------------------
     0 | D:1      | timneilson the Gargoyle Fighter began the quest for the
                  | Orb.
     0 | D:1      | Reached XP level 1. HP: 14/14 MP: 1/1
   347 | D:1      | Reached XP level 2. HP: 19/19 MP: 2/2
   849 | D:1      | Reached XP level 3. HP: 23/23 MP: 3/3
   965 | D:1      | Found a faded altar of an unknown god.
  1615 | D:2      | Identified the +8 spear "Ynusoz" {venom, rF+ Int+7}
  2281 | D:3      | Reached XP level 4. HP: 28/28 MP: 4/4
  2672 | D:3      | Found a faded altar of an unknown god.
  2692 | D:3      | Found a hide-covered altar of Uskayaw.
  3256 | D:4      | Found a staircase to the Ecumenical Temple.
  3281 | D:4      | Killed from afar by an orc priest

Illustrated notes

Levels and vault maps discovered:
D:1:      evilmike_arrival_hilbert_curve, layout_basic, basic_ecumenical_altar,
          minmay_misc_feat_hallway
D:2:      layout_basic
D:3:      layout_basic, nicolae_overflow_ecumenical_swirl
D:4:      layout_loops_ring, marbit_many_paths, zin_treasury,
          minmay_temple_entry_overgrown

Skill      XL: |  1  2  3  4 |
---------------+-------------+-----
Long Blades    | 2 |  2.6
Shields        | 4 |  4.0
Armour         | 4 |  4.1
Fighting       | |  3.6
Dodging        | |  0.9

Action                   |  1- 3 |  4- 6 || total
-------------------------+-------+-------++-------
Melee: Long sword        |   166 |    97 ||   263
  Use: Scroll            |     3 |     5 ||     8
Armor: Scale mail        |    58 |       ||    58
       Chain mail        |     8 |    43 ||    51
Dodge: Dodged            |    89 |    53 ||   142
Block: Buckler           |    52 |    13 ||    65

Table legend: (Time is in decaauts)
 A = Elapsed time spent in this place.
 B = Non-inter-level travel time spent in this place.
 C = Inter-level travel time spent in this place.
 D = Time resting spent in this place.
 E = Time spent auto-exploring this place.
 F = Levels seen in this place.
 G = Mean time per level.
                   A        B        C        D        E       F      G
               +--------+--------+--------+--------+--------+-----+--------+
         Total |   3366 |   3297 |     69 |      0 |   2364 |   4 |  841.5 |
       Dungeon |   3366 |   3297 |     69 |      0 |   2364 |   4 |  841.5 |
               +--------+--------+--------+--------+--------+-----+--------+

Top non-repeatable levels by time:
     D:1: 1208 daAuts
     D:2: 1039 daAuts
     D:3: 954 daAuts
     D:4: 164 daAuts
